 Dungeon Crawl Stone Soup version 0.29-a0-925-g0a7a3d12f8 (console) character file.

Game seed: 1945662525780495237

1421 CannotBeFrozen the Cruncher (level 8, -3/58 (63) HPs)
             Began as a Demigod Wanderer on July 29, 2022.
             Slain by an orc knight
             ... wielding a +0 halberd
              (21 damage)
             ... in a bailey.
             The game lasted 00:21:28 (9685 turns).

CannotBeFrozen the Cruncher (Demigod Wanderer)      Turns: 9685, Time: 00:21:28

HP:   -3/58 (63)    AC:  7    Str: 16    XL:     8   Next: 20%
MP:   10/10         EV: 11    Int: 17    God:
Gold: 320           SH:  0    Dex: 15    Spells: 7/7 levels left

rFire   . . .      SeeInvis .   a - +4 quarterstaff
rCold   . . .      Faith    .   (shield currently unavailable)
rNeg    . . .      Spirit   .   r - +0 ring mail
rPois   .          Reflect  .   s - +0 helmet
rElec   .          Harm     .   n - +0 cloak
rCorr   .          Rampage  .   (no gloves)
Will    .....                   (no boots)
Stlth   +.........              (no amulet)
HPRegen 0.19/turn               f - ring of flight
MPRegen 0.12/turn               (no ring)

@: flying, drained
A: high MP 1, forlorn, divine attributes
a: no special abilities


You were in a bailey.
You visited 1 branch of the dungeon, and saw 7 of its levels.
You also visited: Bailey.

You collected 320 gold pieces.

Inventory:

Hand Weapons
 a - a +4 quarterstaff (weapon)
Missiles
 j - 11 boomerangs
 k - 85 stones
 m - 2 poisoned darts (quivered)
Armour
 n - a +0 cloak (worn)
 r - a +0 ring mail (worn)
 s - a +0 helmet (worn)
Jewellery
 b - a ring of ice
 f - a ring of flight (left hand)
Wands
 p - a wand of roots (3)
Scrolls
 d - a scroll of fog
 g - 3 scrolls of enchant weapon
 i - a scroll of magic mapping
 l - 3 scrolls of teleportation {@r2}
 w - a scroll of blinking
Potions
 c - a potion of lignification
 e - a potion of curing {@q1}
 h - a potion of brilliance
 o - a potion of flight
 q - 2 potions of mutation
 t - 5 potions of resistance
 u - a potion of ambrosia
 v - 3 potions of attraction
 x - a potion of magic {unknown}
 z - a potion of haste


   Skills:
 + Level 3.5 Fighting
 + Level 9.0 Staves
 + Level 2.7 Armour
 + Level 2.8 Dodging
 - Level 1.0 Stealth
 - Level 1.0 Evocations


You had 7 spell levels left.
You didn't know any spells.
Your spell library contained the following spells:

 Spells                   Type           Power      Damage    Failure   Level
 Poisonous Vapours        Pois/Air       0%         N/A       54%         2
 Static Discharge         Conj/Air       0%         3-3/arc   54%         2
 Gell's Gravitas          Tloc           0%         N/A       78%         3
 Lesser Beckoning         Tloc           0%         N/A       78%         3
 Teleport Other           Tloc           0%         N/A       78%         3
 Corpse Rot               Necr/Pois/Air  0%         N/A       99%         4
 Lightning Bolt           Conj/Air       0%         1d11      100%        5
 Maxwell's Capacitive Co  Air            0%         ∞         100%        8


Dungeon Overview and Level Annotations

Branches:
Dungeon (7/15)             Temple (0/1) D:5          Bailey (1/1)

Shops:
D:4 ((:

Annotations:
D:4 1 runed translucent door, Crazy Yiuf
D:6 Sigmund


Innate Abilities, Weirdness & Mutations

You have an increased reservoir of magic. (+10% MP)
You shall have no god before yourself.
Your divine heritage dramatically boosts your attributes as you level up.


Message History

The grasping roots constrict the orc knight.
The orc knight struggles to escape constriction. x2
Things that are here:
a +0 trident; a +0 chain mail You throw a poisoned dart.
The poisoned dart hits the orc knight.
The orc knight is poisoned.
The orc knight is lightly wounded.
The grasping roots constrict the orc knight!
The roots release their grip on the orc knight.
The orc knight hits you with a +0 halberd!!
* * * LOW HITPOINT WARNING * * *
The orc knight hits you with a +0 halberd.
* * * LOW HITPOINT WARNING * * *
There is an open door, spattered with blood here.
HP: 21/58 (-28) ====-------- !!!!
The orc knight hits you with a +0 halberd.
* * * LOW HITPOINT WARNING * * *
HP: 20/58 (-1) ====-------- The orc knight closely misses you.
The orc knight hits you from afar with a +0 halberd.
* * * LOW HITPOINT WARNING * * *
HP: 17/58 (-3) ===---------
Aiming: Fastroot
Press: ? - help, Shift-Dir - straight line, f/p - orc knight
Aim: an orc knight, wielding a +0 halberd (moderately wounded, fast, poisoned)
The roots erupt in riotous growth!
Roots grab the orc knight.
The grasping roots constrict the orc knight.
The orc knight closely misses you.
The grasping roots constrict the orc knight!
The orc knight struggles to escape constriction.
The orc knight escapes!
There is an open door here.
Aiming: Fastroot
Press: ? - help, Shift-Dir - straight line, f/p - orc knight
Aim: an orc knight, wielding a +0 halberd (heavily wounded, fast, poisoned)
The roots erupt in riotous growth!
Roots grab the orc knight.
The grasping roots constrict the orc knight.
The orc knight hits you from afar with a +0 halberd!!
You die...

## ### ##### ### ###
#)###.###)')###)###∩#
#'##'##@###)##'##'##
##.....## ##.....##
###....o#####.....###
#.'..⌠).')#)'..∩..')#
###...(.#####.....###
##.....## ##)...)##
##'##'##)###'##'##'##
#)###.###.#.###)###)#
#'# ### ##### ### ###
#)## # #.#.#
##(##'##'# #'


You could see an orc knight (fast, poisoned, rooted).

Vanquished Creatures
  An ogre (D:5)
  A centaur (D:5)
  Blork the orc (D:6)
  2 bullfrogs
  A necrophage (D:5)
  A scorpion (D:5)
  A water moccasin zombie (D:3)
  4 hounds
  2 gnoll boudas
  2 jellies
  4 orc priests
  Ijyb (D:5)
  An iguana (D:5)
  2 orc wizards (D:5)
  A howler monkey skeleton (D:3)
  20 gnolls
  6 adders
  A white imp (D:5)
  3 ufetubi
  An adder skeleton (D:3)
  3 worms
  A dart slug (D:1)
  25 orcs
  5 ball pythons
  5 bats
  7 endoplasms
  3 giant cockroaches
  11 goblins
  10 hobgoblins
  8 jackals (D:4)
  6 kobolds
  3 quokkas
  A ball python zombie (D:3)
  4 frilled lizards
  A giant cockroach zombie (D:3)
  A jackal skeleton (D:3)
  7 rats
157 creatures vanquished.

Notes
Turn   | Place    | Note
-------+----------+-------------------------------------------
     0 | D:1      | CannotBeFrozen the Demigod Wanderer began the quest for the
                  | Orb.
     0 | D:1      | CannotBeFrozen set off with the following items: a +3
                  | quarterstaff, a +0 cloak, a scroll of blinking, a +0 robe.
     0 | D:1      | Reached XP level 1. HP: 17/17 MP: 3/3
   113 | D:1      | Reached skill level 3 in Staves
   309 | D:1      | Reached XP level 2. HP: 24/24 MP: 4/4
  1227 | D:2      | Identified the +7 spear of the Demagogue {pain, Int+4
                  | Dex+4}
  1290 | D:2      | Reached XP level 3. HP: 29/29 MP: 5/5
  1309 | D:2      | Reached skill level 4 in Staves
  2429 | D:3      | Reached XP level 4. HP: 27/36 MP: 6/6
  2539 | D:3      | Reached skill level 5 in Staves
  3480 | D:4      | Found Peinih's Weapon Shop.
  3605 | D:4      | Reached XP level 5. HP: 41/41 MP: 7/7
  3742 | D:4      | Found a runed translucent door.
  3743 | D:4      | Noticed Crazy Yiuf
  3782 | D:4      | Found Daosoeci's Weapon Shoppe.
  3807 | D:4      | Found Post's Book Shop.
  4320 | D:4      | Reached skill level 6 in Staves
  5214 | D:5      | Entered Level 5 of the Dungeon
  5223 | D:5      | Reached XP level 6. HP: 46/48 MP: 8/8
  5252 | D:5      | Found a staircase to the Ecumenical Temple.
  5261 | D:5      | Reached skill level 7 in Staves
  5968 | D:4      | Reached XP level 7. HP: 39/53 MP: 9/9
  6335 | D:5      | Reached skill level 8 in Staves
  7027 | D:5      | Reached skill level 1 in Armour
  7385 | D:5      | Noticed Ijyb
  7411 | D:5      | Killed Ijyb
  7878 | D:6      | Noticed Sigmund
  8257 | D:6      | Reached XP level 8. HP: 38/63 MP: 10/10
  8396 | D:6      | Noticed Blork the orc
  8648 | D:6      | Killed Blork the orc
  8897 | D:7      | Found a flagged portal.
  8909 | Bailey   | Entered a bailey
  9552 | Bailey   | Reached skill level 9 in Staves
  9668 | Bailey   | Noticed an orc knight
  9685 | Bailey   | Slain by an orc knight

Illustrated notes

Levels and vault maps discovered:
D:1:      mainiacjoe_arrival_reflecting_pool, layout_basic,
          dilly_ecumenical_altar_fadedgnrine
D:2:      wander_river, layout_loops_ring
D:3:      wad_pebble_path, layout_basic, serial_undead, serial_undead_c,
          serial_undead_b, serial_undead_f, serial_undead_a, serial_undead_c,
          serial_undead_f, kennysheep_nondescript,
          wander_ebering_terrifying_dragon_lair
D:4:      layout_basic, good_gods_mini_temple, nzn_hepliaklqana_mist_gate,
          serial_shops, nicolae_shop_bloodbath_and_beyond,
          nicolae_stop_n_shop_1, nicolae_shop_hallway_stairs, kennysheep_boxes,
          uniq_crazy_yiuf_cottage
D:5:      layout_layer_cave, grunt_temple_overflow_opulence,
          minmay_temple_entry_ruins, uniq_ijyb
D:6:      layout_cave_pools, nicolae_overflow_squiral, uniq_sigmund,
          uniq_blork_the_orc
D:7:      layout_basic, mainiacjoe_overflow_alcove_2,
          grunt_temple_overflow_open, enter_bailey_2, amcnicky_mini_pool_small
Bailey:   bailey_polearm_nasty_gnolls, bailey

Skill      XL: |  1  2  3  4  5  6  7  8 |
---------------+-------------------------+-----
Staves         | 3 4 5 6 7 8 9 |  9.0
Fighting       | 3 |  3.5
Armour         | 2 |  2.7
Dodging        | |  2.8
Stealth        | |  1.0
Evocations     | |  1.0

Action                   |  1- 3 |  4- 6 |  7- 9 || total
-------------------------+-------+-------+-------++-------
Melee: Quarterstaff      |    91 |   167 |   170 ||   428
       Spear             |    18 |       |       ||    18
Throw: Dart              |       |    12 |    30 ||    42
       Boomerang         |       |     1 |       ||     1
       Stone             |       |     6 |       ||     6
Evoke: Wand              |       |       |     4 ||     4
  Use: Scroll            |     1 |    14 |     3 ||    18
       Potion            |       |       |     1 ||     1
 Stab: Sleeping          |    10 |     1 |       ||    11
Armor: Robe              |    14 |       |       ||    14
       Ring mail         |    13 |    55 |    55 ||   123
Dodge: Dodged            |    62 |    94 |   102 ||   258

Table legend: (Time is in decaauts)
 A = Elapsed time spent in this place.
 B = Non-inter-level travel time spent in this place.
 C = Inter-level travel time spent in this place.
 D = Time resting spent in this place.
 E = Time spent auto-exploring this place.
 F = Levels seen in this place.
 G = Mean time per level.
                   A        B        C        D        E       F      G
               +--------+--------+--------+--------+--------+-----+--------+
         Total |   9679 |   9546 |    133 |   3982 |   3937 |   8 | 1209.9 |
       Dungeon |   8910 |   8777 |    133 |   3444 |   3926 |   7 | 1272.9 |
        Bailey |    769 |    769 |      0 |    538 |     11 |   1 |  769.0 |
               +--------+--------+--------+--------+--------+-----+--------+

Top non-repeatable levels by time:
     D:5: 2812 daAuts
     D:4: 2016 daAuts
     D:3: 1450 daAuts
     D:1: 1207 daAuts
     D:2: 978 daAuts
  Bailey: 769 daAuts
     D:6: 433 daAuts
     D:7: 11 daAuts
